 Dungeon Crawl Stone Soup version 0.27.1-34-g3ba077fa99 (webtiles) character file.

Game seed: 4528791301309776515

7 barney the Ruffian (level 1, -3/16 HPs)
             Began as a Draconian Transmuter on Jan 13, 2022.
             Splashed by a jelly's acid (5 damage)
             ... on level 2 of the Dungeon.
             The game lasted 00:00:30 (856 turns).

barney the Ruffian (Draconian Transmuter)            Turns: 856, Time: 00:00:30

Health: -3/16      AC:  0    Str: 12    XL:     1   Next: 83%
Magic:  2/3        EV: 12    Int: 13    God:
Gold:   17         SH:  0    Dex: 11    Spells: 3/4 levels left

rFire    . . .     SeeInvis .   c - +0 spear
rCold    . . .     Faith    .   (no shield)
rNeg     . . .     Spirit   .   (armour unavailable)
rPois    .         Reflect  .   (helmet currently unavailable)
rElec    .         Harm     .   (no cloak)
rCorr    .         Rampage  .   (no gloves)
Will     .....                  (boots currently unavailable)
Stlth    +.........             e - amulet of regeneration
HPRegen  1.05/turn              (no ring)
MPRegen  0.08/turn              (no ring)

@: appendages, corroded
A: horns 2, talons 2, AC +4, unfitting armour, cold-blooded
a: End Transformation


You were on level 2 of the Dungeon.
You had temporarily grown beastly horns and talons.
You visited 1 branch of the dungeon, and saw 2 of its levels.

You collected 17 gold pieces.

Inventory:

Hand Weapons
 c - a +0 spear (weapon)
Jewellery
 e - an amulet of regeneration (around neck)
Scrolls
 f - a scroll of amnesia {unknown}
 g - a scroll of identify {unknown}
 h - a scroll of vulnerability {unknown}
 i - 2 scrolls of magic mapping {unknown}
Potions
 a - a potion of brilliance {unknown}
 b - a potion of heal wounds {unknown}
 d - a potion of lignification {unknown}
 j - a potion of ambrosia {unknown}


   Skills:
 - Level 1.1 Fighting
 - Level 1.7 Dodging
 - Level 3.0 Unarmed Combat
 - Level 2.0 Spellcasting
 + Level 2.6 Transmutations


You had 3 spell levels left.
You knew the following spells:

 Your Spells              Type           Power      Damage    Failure   Level
a - Beastly Appendage     Tmut           16%        N/A       9%          1

Your spell library contained the following spells:

 Spells                   Type           Power      Damage    Failure   Level
 Wereblood                Tmut           8%         N/A       13%         2
 Spider Form              Tmut/Pois      2%         N/A       41%         3
 Ice Form                 Ice/Tmut       4%         N/A       82%         4


Dungeon Overview and Level Annotations

Branches:
Dungeon (2/15)

Altars:


Innate Abilities, Weirdness & Mutations

You have temporarily grown beastly horns and talons.
Your plain brown scales are hard. (AC +4)
You cannot fit into any form of body armour.
You are cold-blooded and may be slowed by cold attacks.


Message History

There is an open door here.
Key pressed, stopping explore.
No target in view!
No target in view!
There is an open door here.
Key pressed, stopping explore.
No target in view!
Key pressed, stopping explore.
No target in view!
No target in view!
Done exploring.
No target in view!
Done exploring.
No target in view!
Done exploring.
No target in view!
No target in view!
Done exploring.
(D) Dungeon
Where to? (? - help)
There is a stone staircase leading down here.
You climb downwards.
Found a stone staircase leading down.
There is a stone staircase leading up here.
A jelly is nearby!
A jelly is nearby!
A jelly is nearby!
You hit the jelly. The acid corrodes you!
Your hands burn!
The jelly is moderately wounded.
The jelly hits you.
You are splashed with acid!
Ouch! That really hurt!
* * * LOW HITPOINT WARNING * * *
A jelly is nearby!
Casting: Beastly Appendage (safe; 9% risk of failure)
Confirm with . or Enter, or press ? or * to list all spells.
You grow a pair of large bovine horns.
Your feet morph into talons.
The jelly misses you.
Unknown command.
You hit the jelly.
Your hands burn!
You die...

#..........#
#..........#
....>.....#
#........###
##...........
#..........#
#..........#
#....<.....#
#...@......#
#..J.......#
##........##
##......##
########


You could see a jelly.

Vanquished Creatures
  A dart slug (D:1)
  A hobgoblin (D:1)
  2 kobolds (D:1)
  A rat (D:1)
5 creatures vanquished.

Notes
Turn   | Place    | Note
-------+----------+-------------------------------------------
     0 | D:1      | barney the Draconian Transmuter began the quest for the
                  | Orb.
     0 | D:1      | Reached XP level 1. HP: 16/16 MP: 3/3
   852 | D:2      | Noticed a jelly
   856 | D:2      | Splashed by a jelly's acid

Illustrated notes

Levels and vault maps discovered:
D:1:      nicolae_arrival_washed_ashore, layout_basic, chequers_avenue,
          supply_closet_lemuel, minmay_pentomino_v2
D:2:      layout_rooms, kennysheep_cluttered_room

Action                   || total
-------------------------++-------
Melee: Spear             ||    11
       Unarmed           ||     5
       Kick              ||     1
       Headbutt          ||     1
       Tailslap          ||     1
 Cast: Beastly Appendage ||     6
Armor: Skin              ||     5
Dodge: Dodged            ||     6
